[ AOE2 MATCH · #480469067 ]
UnrankedBengalis vs Wu
[ REPLAY ANALYSIS · EXTRACTED FROM THE RECORDED GAME ]
Feudal
—
Castle
—
Imperial
—
| APM avg | 9.3 |
| APM peak | 11 |
| eAPM avg | 7.6 |
| Villagers / military | 3 / 0 |
Focus
⚔️ 0.0% · 🌾 100.0%
Feudal
—
Castle
—
Imperial
—
| APM avg | 86.3 |
| APM peak | 91 |
| eAPM avg | 22.0 |
| Villagers / military | 5 / 0 |
Focus
⚔️ 0.0% · 🌾 100.0%
Feudal
—
Castle
—
Imperial
—
| APM avg | 73.6 |
| APM peak | 78 |
| eAPM avg | 19.5 |
| Villagers / military | 4 / 0 |
Focus
⚔️ 8.3% · 🌾 91.7%
Feudal
—
Castle
—
Imperial
—
| APM avg | 2.5 |
| APM peak | 3 |
| eAPM avg | 2.5 |
| Villagers / military | 0 / 0 |
Feudal
—
Castle
—
Imperial
—
| APM avg | 71.9 |
| APM peak | 73 |
| eAPM avg | 27.9 |
| Villagers / military | 5 / 0 |
Focus
⚔️ 0.0% · 🌾 100.0%
Feudal
—
Castle
—
Imperial
—
| APM avg | 37.2 |
| APM peak | 43 |
| eAPM avg | 13.5 |
| Villagers / military | 4 / 0 |
Focus
⚔️ 0.0% · 🌾 100.0%
Match map
Initial resources + every placement click. Lines = walls · curves = elevation contours. ◆ gold · ⬟ stone · ● berries · ✦ relic · ◌ wall gap
Your base
Käptn Knusprig's base
MaulenderMo's base
l'entourloupe's base
McMembran's base
Prince Of The Darkness's base
Smoothed initial terrain · ◌ = detected wall gap · hover for details
Inputs per minute
— rernk - - Käptn Knusprig
Build order — rernk
6 actions detected in the replay
| 0:02 | Research | Loom |
| 0:03 | Create | Villager (Male) |
| 0:03 | Create | Villager (Male) |
| 0:03 | Create | Villager (Male) |
| 0:05 | Build | House |
| 0:09 | Build | House |
Build order — Käptn Knusprig
7 actions detected in the replay
| 0:00 | Create | Villager (Male) |
| 0:01 | Create | Villager (Male) |
| 0:01 | Create | Villager (Male) |
| 0:02 | Build | House |
| 0:04 | Build | House |
| 0:17 | Create | Villager (Male) |
| 0:17 | Create | Villager (Male) |
Build order — MaulenderMo
6 actions detected in the replay
| 0:01 | Create | Villager (Male) |
| 0:01 | Create | Villager (Male) |
| 0:02 | Build | House |
| 0:03 | Build | House |
| 0:32 | Create | Villager (Male) |
| 0:38 | Create | Villager (Male) |
Build order — l'entourloupe
0 actions detected in the replay
Build order — McMembran
7 actions detected in the replay
| 0:01 | Create | Villager (Male) |
| 0:01 | Create | Villager (Male) |
| 0:03 | Build | House |
| 0:05 | Build | House |
| 0:15 | Create | Villager (Male) |
| 0:16 | Create | Villager (Male) |
| 0:16 | Create | Villager (Male) |
Build order — Prince Of The Darkness
6 actions detected in the replay
| 0:01 | Create | Villager (Male) |
| 0:01 | Create | Villager (Male) |
| 0:02 | Create | Villager (Male) |
| 0:02 | Create | Villager (Male) |
| 0:03 | Build | House |
| 0:05 | Build | House |
Match timeline
| 0:04 | l'entourloupe · resign |
[ AI ANALYSIS · 1 CREDIT ]
What really happened in this match?
Wolo.gg analyzes every decision: build order, eco, micro, common mistakes by bracket. Personalized analysis on WhatsApp or Discord in 30 seconds.
Civ guide
Bengalis
Perfil
Jugador #691413